 Dungeon Crawl Stone Soup version 0.20.1-1-g8b1a95d (webtiles) character file.

142 Kingsmith the Ducker (level 5, -2/24 HPs)
             Began as a Felid Monk on Dec 10, 2017.
             Slain by a killer bee (5 damage)
             ... on level 4 of the Dungeon.
             The game lasted 00:02:54 (2496 turns).

Kingsmith the Ducker (Felid Monk)                   Turns: 2496, Time: 00:02:54

Health: -2/24      AC:  1    Str:  8    XL:     5   Next: 4%
Magic:  6/6        EV: 21    Int: 12    God:
Gold:   188        SH:  0    Dex: 18    Spells: 4/4 levels left
                                        Lives:  0   Deaths: 1

rFire    . . .     SeeInvis +     - Unarmed
rCold    . . .     Gourm    .   (shield unavailable)
rNeg     . . .     Faith    .   (armour unavailable)
rPois    .         Spirit   .   (helmet unavailable)
rElec    .         Reflect  .   (cloak unavailable)
rCorr    .         Harm     .   (gloves unavailable)
MR       .....                  (boots unavailable)
Stlth    +++.......             (no amulet)
Regen    0.1/turn               (no ring)
MPRegen  0.1/turn               (no ring)

@: quick
A: no armour, no weapons or thrown items, stealth, claws 1, fangs 3, see
invisible, carnivore 3, speed 1, shaggy fur 1, slow metabolism 1, sharp paws
a: no special abilities


You were on level 4 of the Dungeon.
You were not hungry.

You visited 1 branch of the dungeon, and saw 4 of its levels.

You collected 188 gold pieces.

Inventory:

Jewellery
 j - an uncursed amulet of guardian spirit {unknown}
Scrolls
 b - 6 scrolls of identify {unknown}
 e - a scroll of random uselessness {unknown}
 f - 2 scrolls of remove curse {unknown}
 h - 2 scrolls of teleportation {unknown}
 k - a scroll of immolation {unknown}
 l - a scroll of blinking {unknown}
 m - a scroll of fog {unknown}
 o - a scroll of recharging {unknown}
 q - a scroll of enchant weapon {unknown}
 r - a scroll of amnesia {unknown}
Potions
 c - a potion of flight {unknown}
 d - 2 potions of might
 g - a potion of curing {unknown}
 i - a potion of cancellation
 n - a potion of haste {unknown}
 p - a potion of mutation {unknown}
Comestibles
 a - 3 meat rations


   Skills:
 - Level 3.0 Fighting
 + Level 5.3 Dodging
 + Level 4.4 Stealth
 - Level 5.0 Unarmed Combat


You had 4 spell levels left.
You didn't know any spells.

Dungeon Overview and Level Annotations

Branches:
Dungeon (4/15)
 Temple: D:4-7

Altars:

Annotations:
D:3 schauveau's ghost, amateur GrEE


Innate Abilities, Weirdness & Mutations

You cannot wear armour.
You are incapable of wielding weapons or throwing items.
Your paws allow you to move quietly. (Stealth)
You have sharp claws.
You have razor-sharp teeth.
You have supernaturally acute eyesight. (SInv)
You are carnivorous and can eat meat at any time.
You cover ground quickly.
You are covered in fur. (AC +1)
You have a slow metabolism.
Your sharp claws are effective at attacking unaware monsters.


Message History

You miss the killer bee. The killer bee barely misses you.
The killer bee completely misses you. The hound bites you.
You miss the killer bee. Your bite misses the killer bee.
The killer bee completely misses you. The hound barely misses you.
The killer bee completely misses you.
You barely miss the killer bee. The killer bee completely misses you.
The hound bites you. The killer bee stings you!
* * * LOW HITPOINT WARNING * * *
The hound bites you.
* * * LOW HITPOINT WARNING * * *
You are too injured to fight recklessly!
You are too injured to fight recklessly!
You closely miss the killer bee. The killer bee completely misses you.
The hound closely misses you. The killer bee misses you.
You closely miss the killer bee. Your claw misses the killer bee.
The killer bee misses you. The hound misses you.
You scratch the killer bee. You claw the killer bee.
The killer bee is moderately wounded.
The killer bee stings you.
You die...

#...### ## ##.....
.##.....## ### ##.
........# #... ...
.......# #.#.####..
!l....# #.....##.#
#yh.# #.#.#.##.# #@..#
#.#...##.# ##...##
#.##..##.# ##.....##
#.....##.###.......#
###........##.........#
............'........>+
#####.#..####.........#
#...## ##.......##
##.## ##.....##


You could see a hound, a killer bee and a leopard gecko.

Vanquished Creatures
  An ogre (D:4)
  Jessica (D:2)
  3 adders
  An ooze (D:1)
  An adder skeleton (D:4)
  A dart slug (D:3)
  A leopard gecko (D:3)
  2 orcs (D:3)
  4 giant cockroaches (D:2)
  6 hobgoblins
  5 jackals (D:2)
  6 kobolds
  A quokka (D:3)
  9 bats
  4 frilled lizards (D:1)
  4 goblins
  8 rats
58 creatures vanquished.

Notes
Turn   | Place    | Note
-------+----------+-------------------------------------------
     0 | D:1      | Kingsmith the Felid Monk began the quest for the Orb.
     0 | D:1      | Reached XP level 1. HP: 10/10 MP: 2/2
   399 | D:1      | Reached XP level 2. HP: 5/14 MP: 3/3
  1405 | D:2      | Reached XP level 3. HP: 17/17 MP: 4/4
  1488 | D:2      | Noticed Jessica
  1493 | D:2      | Killed Jessica
  1574 | D:2      | Reached XP level 4. HP: 15/21 MP: 5/5
  1600 | D:2      | Reached skill level 5 in Unarmed Combat
  1875 | D:3      | Noticed schauveau's ghost (amateur GrEE)
  2139 | D:4      | HP: 1/21 [poisoned by a killer bee]
  2141 | D:4      | Succumbed to a killer bee's poison
  2142 | D:4      | Reached XP level 3. HP: 0/17 MP: 4/4
  2161 | D:4      | Noticed an ogre
  2168 | D:4      | Killed an ogre
  2168 | D:4      | Reached skill level 5 in Dodging
  2168 | D:4      | Reached XP level 4. HP: 21/21 MP: 5/5
  2472 | D:4      | Reached XP level 5. HP: 20/24 MP: 6/6
  2496 | D:4      | Slain by a killer bee

Skill      XL: |  1  2  3  4 |
---------------+-------------+-----
Unarmed Combat | 4 5 |  5.0
Stealth        | 4 3 |  4.4
Dodging        | 5 |  5.3
Fighting       | |  3.0

Action                   |  1- 3 |  4- 6 || total
-------------------------+-------+-------++-------
Melee: Unarmed           |    70 |    68 ||   138
       Bite              |     7 |     3 ||    10
       Punch             |     2 |     1 ||     3
  Use: Potion            |     1 |     2 ||     3
 Stab: Sleeping          |     9 |     4 ||    13
       Distracted        |     1 |     1 ||     2
  Eat: Chunk             |     9 |     1 ||    10
Armor: Skin              |     3 |     3 ||     6
Dodge: Dodged            |    38 |    70 ||   108
